 Dungeon Crawl Stone Soup version 0.27-a0-1060-gcb85b5eba1 (webtiles) character file.

Game seed: 12779541502135759582

53 Ijustatesigmund the Skirmisher (level 3, -1/29 HPs)
             Began as a Demonspawn Fighter on Apr 21, 2021.
             Slain by a shadow imp (3 damage)
             ... on level 2 of the Dungeon.
             The game lasted 00:03:05 (1020 turns).

Ijustatesigmund the Skirmisher (Demonspawn Fighter) Turns: 1020, Time: 00:03:07

Health: -1/29      AC:  6    Str: 16    XL:     3   Next: 64%
Magic:  3/3        EV:  7    Int:  9    God:
Gold:   93         SH:  8    Dex: 13    Spells: 2/2 levels left

rFire    . . .     SeeInvis .   a - +0 war axe
rCold    . . .     Faith    .   c - +0 kite shield
rNeg     . . .     Spirit   .   b - +0 scale mail
rPois    .         Reflect  .   (no helmet)
rElec    .         Harm     .   (no cloak)
rCorr    .         Rampage  .   (no gloves)
Will     .....                  (no boots)
Stlth    ..........             (no amulet)
HPRegen  0.09/turn              (no ring)
MPRegen  0.08/turn              (no ring)

@: no status effects
A: spiny 1
a: no special abilities


You were on level 2 of the Dungeon.
You visited 1 branch of the dungeon, and saw 2 of its levels.

You collected 93 gold pieces.

Inventory:

Hand Weapons
 a - a +0 war axe (weapon)
Armour
 b - a +0 scale mail (worn)
 c - a +0 kite shield (worn)
Jewellery
 g - an amulet of guardian spirit
 i - a ring of fire
Scrolls
 h - 2 scrolls of identify {unknown}
 j - 2 scrolls of immolation {unknown}
Potions
 d - a potion of might
 e - a potion of mutation {unknown}


   Skills:
 + Level 3.4 Fighting
 * Level 2.8 Axes
 - Level 2.6 Armour
 + Level 1.3 Dodging
 - Level 2.6 Shields


You had 2 spell levels left.
You didn't know any spells.
Your spell library contained the following spells:

 Spells                   Type           Power      Damage    Failure   Level
 Confusing Touch          Hex            0%         N/A       100%        3
 Gell's Gravitas          Tloc           0%         N/A       100%        3
 Petrify                  Tmut/Erth      0%         N/A       100%        4
 Metabolic Englaciation   Hex/Ice        0%         N/A       100%        5
 Yara's Violent Unravell  Hex/Tmut       0%         3d3       100%        5


Dungeon Overview and Level Annotations

Branches:
Dungeon (2/15)

Altars:

Shops:
D:1 !   D:2 [


Innate Abilities, Weirdness & Mutations

You are partially covered in sharp spines.


Message History

You closely miss the shadow imp.
The shadow imp is moderately wounded.
The shadow imp hits you but does no damage.
You block the shadow imp's attack.
You closely miss the shadow imp.
The shadow imp is moderately wounded.
The shadow imp hits you.
You closely miss the shadow imp.
The shadow imp is moderately wounded.
The shadow imp hits you but does no damage.
The shadow imp gestures at you. Pain shoots through your body!
You are too injured to fight recklessly!
You are too injured to fight recklessly!
You are too injured to fight recklessly!
You are too injured to fight recklessly!
You are too injured to fight recklessly!
You are too injured to fight recklessly!
You are too injured to fight recklessly!
You are too injured to fight recklessly!
You are too injured to fight recklessly!
You are too injured to fight recklessly!
You are too injured to fight recklessly!
You closely miss the shadow imp.
The shadow imp is moderately wounded.
The shadow imp hits you. The shadow imp gestures at you.
Pain shoots through your body!
* * * LOW HITPOINT WARNING * * *
You barely miss the shadow imp.
The shadow imp is moderately wounded.
The shadow imp is struck by your spines.
The shadow imp hits you but does no damage.
You hit the shadow imp.
The shadow imp is almost dead.
The shadow imp hits you.
* * * LOW HITPOINT WARNING * * *
The shadow imp is struck by your spines.
The shadow imp hits you.
You die...

.......##......
.......##.....#
.......##.....#
#......##.....# #
....##.....# . #
#...#.......########..
###...#.#...............
##......#.####.........#
.#....# #.# #..@5.....#
.#....# #.####..........
.#....# #.#.......#####.
.#....###.#....(......
.'....<...............
.#####......#####.....
.# #......# ..... .#
#......# ###### .#
#......#


You could see a shadow imp.

Vanquished Creatures
  2 adders (D:2)
  A dart slug (D:1)
  2 ball pythons (D:1)
  3 bats (D:1)
  7 endoplasms
  2 giant cockroaches (D:1)
  4 jackals (D:1)
  A quokka (D:2)
  A frilled lizard (D:2)
  4 goblins
  A rat (D:2)
28 creatures vanquished.

Notes
Turn   | Place    | Note
-------+----------+-------------------------------------------
     0 | D:1      | Ijustatesigmund the Demonspawn Fighter began the quest for
                  | the Orb.
     0 | D:1      | Reached XP level 1. HP: 18/18 MP: 1/1
    98 | D:1      | Found a faded altar of an unknown god.
   128 | D:1      | Gained mutation: You are partially covered in sharp spines.
                  | [demonic ancestry]
   128 | D:1      | Reached XP level 2. HP: 24/24 MP: 2/2
   226 | D:1      | Found Lear's Distillery.
   683 | D:1      | Reached skill level 1 in Dodging
   803 | D:2      | Reached XP level 3. HP: 24/29 MP: 3/3
   883 | D:2      | Found Ylacloeded's Armour Shoppe.
  1020 | D:2      | Slain by a shadow imp

Illustrated notes

Levels and vault maps discovered:
D:1:      heliophobic_arrival_enchanted_forest, layout_loops_ring,
          chequers_ecumenical_altar_island, serial_shops, nicolae_shop_stone,
          minmay_small_reverse_x
D:2:      layout_basic, serial_shops, shop

Skill      XL: |  1  2 |
---------------+-------+-----
Axes           | 2 |  2.8
Dodging        | 1 |  1.3
Fighting       | |  3.4
Armour         | |  2.6
Shields        | |  2.6

Action                   || total
-------------------------++-------
Melee: War axe           ||    60
  Use: Scroll            ||     1
Armor: Scale mail        ||    30
Dodge: Dodged            ||    17
Block: Kite shield       ||    21

Table legend: (Time is in decaauts)
 A = Elapsed time spent in this place.
 B = Non-inter-level travel time spent in this place.
 C = Inter-level travel time spent in this place.
 D = Time resting spent in this place.
 E = Time spent auto-exploring this place.
 F = Levels seen in this place.
 G = Mean time per level.
                   A        B        C        D        E       F      G
               +--------+--------+--------+--------+--------+-----+--------+
         Total |   1061 |   1036 |     25 |      0 |    863 |   2 |  530.5 |
       Dungeon |   1061 |   1036 |     25 |      0 |    863 |   2 |  530.5 |
               +--------+--------+--------+--------+--------+-----+--------+

Top non-repeatable levels by time:
     D:1: 782 daAuts
     D:2: 278 daAuts
